 Dungeon Sprint DCSS version 0.17-a0-1-g1f4be75 (webtiles) character file.

437 Medar the Grappler (level 6, -2/66 HPs)
             Began as a Troll Monk on Mar 12, 2015.
             Was a Follower of Ru.
             Slain by a queen bee (16 damage)
             ... in the Dungeon (Sprint IV: "Fedhas' Mad Dash").
             The game lasted 00:04:37 (421 turns).

Medar the Grappler (Troll Monk)                      Turns: 421, Time: 00:04:37

Health: -2/66      AC:  7    Str: 20    XL:     6   Next: 69%
Magic:  1/3        EV: 12    Int:  6    God:    Ru [*.....]
Gold:   91         SH:  0    Dex: 14    Spells: 0 memorised, 5 levels left

rFire  + . .     SeeInvis .       - Unarmed
rCold  . . .     Clarity  .     d - +2 robe {rF+}
rNeg   . . .     SustAb   .     (shield restricted)
rPois  .         Gourm    +     (helmet restricted)
rElec  .         Spirit   .     (no cloak)
rCorr  .         Warding  .     (gloves unavailable)
rMut   .         NoTele   +     (boots unavailable)
MR     .....                    (no amulet)
Stlth  ++........               (no ring)
                                j - ring of invisibility (curse)

@: lethally poisoned (-2 -> -20), no scrolls, very slightly contaminated,
invisible, not resistant to hostile enchantments, unstealthy
A: unfitting armour, claws 3, fast metabolism 3, gourmand, regeneration 2,
shaggy fur 1, tough skin 2, inability to read while threatened
a: Renounce Religion, Turn Visible


You were in the Dungeon.
You worshipped Ru.
Ru was aware of your devotion.
You were not hungry.

You visited 1 branch You collected 91 gold pieces.

Inventory:

Missiles
 i - 5 javelins (quivered)
Armour
 a - a +0 robe
 d - a +2 robe of fire resistance (worn)
Jewellery
 j - a cursed ring of invisibility (left claw)
Scrolls
 h - a scroll of blinking
Potions
 f - 2 potions of magic
Comestibles
 b - a meat ration


   Skills:
 + Level 5.1 Fighting
 + Level 5.1 Dodging
 - Level 1.1 Stealth
 + Level 12.5 Unarmed Combat


You had 5 spell levels left.
You didn't know any spells.

Dungeon Overview and Level Annotations

Branches:
Dungeon (1/1)

Altars:
Cheibriados
Dithmenos
Elyvilon
Gozag
Kikubaaqudgha
Makhleb
Nemelex Xobeh
Okawaru
Qazlal
Ru
Sif Muna
Trog
Vehumet
Xom
Yredelemnul
Zin
The Shining One
Beogh
Jiyva
Lugonu

Shops:
D (?

Annotations:
D exclusion: oklob plant


Innate Abilities, Weirdness & Mutations

You are too large for most types of armour.
You have claws for hands.
Your metabolism is lightning-fast.
You like to eat raw meat.
You heal very quickly.
You are covered in fur (AC +1).
You have very tough skin (AC +2).
You cannot read scrolls while threatened.


Message History

You are too injured to fight recklessly!
Drink which item? (? for menu, Esc to quit)
Okay, then.
Use which ability? (? or * to list)
You fail to use your ability.
You feel sick. The queen bee stings you.
* * * LOW HITPOINT WARNING * * *
You are lethally poisoned!
The queen bee poisons you!
Use which ability? (? or * to list)
You fail to use your ability.
* * * LOW HITPOINT WARNING * * *
You feel very sick. The queen bee closely misses you.
Use which ability? (? or * to list)
You fade into invisibility!
You feel quite a bit less full.
* * * LOW HITPOINT WARNING * * *
You feel very sick. The queen bee stings you!
You die...

#####################
#<..P#.....#.....#.⌠.
#PP.†'.....'.#...'._.
#PPPP#.....#.#...#_._
###############'##._.
#...♣........†.†.#.⌠.
#%.y...♣.....#...####
#...@.♣†.♣..######
##+####'#####
#$$$$+......f
#P"###P...P. ###
######


You could see a queen bee.

Vanquished Creatures
  A scorpion (D)
  4 killer bees (D)
  A worker ant (D)
  4 oklob saplings (D)
  2 spriggans (D)
  A river rat (D)
  A rat (D)
14 creatures vanquished.

Notes
Turn   | Place    | Note
--------------------------------------------------------------
     0 | D        | Medar, the Troll Monk, began the quest for the Orb.
     0 | D        | Reached XP level 1. HP: 22/22 MP: 1/1
    14 | D        | Reached skill level 5 in Unarmed Combat
    14 | D        | Reached XP level 2. HP: 29/29 MP: 1/1
    23 | D        | Noticed an oklob sapling
    26 | D        | Killed an oklob sapling
    26 | D        | Reached skill level 7 in Unarmed Combat
    26 | D        | Reached XP level 3. HP: 36/36 MP: 2/2
    28 | D        | Noticed a worker ant
    33 | D        | Killed a worker ant
    33 | D        | Reached skill level 8 in Unarmed Combat
    56 | D        | Noticed an oklob sapling
    60 | D        | Killed an oklob sapling
    60 | D        | Reached skill level 9 in Unarmed Combat
    60 | D        | Reached XP level 4. HP: 35/44 MP: 2/2
    78 | D        | Found a snail-covered altar of Cheibriados.
    78 | D        | Found a glowing silver altar of Zin.
    78 | D        | Found a white marble altar of Elyvilon.
    84 | D        | Found a glowing golden altar of the Shining One.
    84 | D        | Found a viscous altar of Jiyva.
    84 | D        | Found a radiant altar of Vehumet.
    84 | D        | Found a deep blue altar of Sif Muna.
    84 | D        | Found a burning altar of Makhleb.
    84 | D        | Found an ancient bone altar of Kikubaaqudgha.
    84 | D        | Found a bloodstained altar of Trog.
    84 | D        | Found a corrupted altar of Lugonu.
    84 | D        | Found a sacrificial altar of Ru.
    84 | D        | Noticed an oklob sapling priest
    85 | D        | Found a shadowy altar of Dithmenos.
    85 | D        | Found a sparkling altar of Nemelex Xobeh.
    86 | D        | Found a shimmering altar of Xom.
    86 | D        | Found an iron altar of Okawaru.
    87 | D        | Found an opulent altar of Gozag.
    88 | D        | Found a basalt altar of Yredelemnul.
    89 | D        | Found a stormy altar of Qazlal.
    89 | D        | Found a roughly hewn altar of Beogh.
    95 | D        | Killed an oklob sapling priest
    95 | D        | Reached skill level 10 in Unarmed Combat
    95 | D        | Reached XP level 5. HP: 28/50 MP: 0/2
   110 | D        | Became a worshipper of Ru the Awakened
   116 | D        | Gained mutation: You cannot read scrolls while threatened. [Ru sacrifice]
   116 | D        | Acquired Ru's first power
   135 | D        | Noticed an oklob sapling wizard
   139 | D        | Killed an oklob sapling wizard
   139 | D        | Reached skill level 11 in Unarmed Combat
   161 | D        | Noticed a scorpion
   170 | D        | Killed a scorpion
   170 | D        | Reached XP level 6. HP: 62/62 MP: 3/3
   199 | D        | Found Buokhuoz's Magic Scroll Shop.
   199 | D        | Found Ahiqusma's Antique Weapon Emporium.
   208 | D        | Noticed a burning bush
   208 | D        | Noticed a wandering mushroom
   241 | D        | Noticed a queen bee
   241 | D        | Noticed a killer bee
   241 | D        | Noticed a killer bee
   242 | D        | Noticed a killer bee
   242 | D        | Noticed a killer bee
   250 | D        | Noticed a burning bush
   251 | D        | Noticed a wandering mushroom
   251 | D        | Noticed a burning bush
   251 | D        | Noticed an oklob plant
   259 | D        | Killed a killer bee
   259 | D        | Reached skill level 12 in Unarmed Combat
   263 | D        | Killed a killer bee
   270 | D        | Killed a killer bee
   273 | D        | Killed a killer bee
   273 | D        | Reached skill level 5 in Fighting
   273 | D        | Reached skill level 5 in Dodging
   421 | D        | Slain by a queen bee

Action                   |  1- 3 |  4- 6 || total
-------------------------+-------+-------++-------
Melee: Unarmed           |    13 |    31 ||    44
Invok: Sacrifice Words   |       |     1 ||     1
 Abil: Evoke Invisibilit |       |     3 ||     3
  Use: Potion            |     1 |     4 ||     5
 Stab: Sleeping          |     1 |       ||     1
       Invisible         |       |     8 ||     8
  Eat: Chunk             |       |     2 ||     2
       Meat ration       |       |     1 ||     1
